AAA
IOWA CUBS @ MEMPHIS REDBIRDS
04/29/2018
 
TOP OF THE 1ST
Iowa Cubs batting - Pitching for Memphis Redbirds : RHP Mitch Keller
Pitching: RHP Mitch Keller
Batting: RHB Errol Robinson 0-0: Ball
1-0: Fly out, F8 (Line Drive, 8RD)
Batting: LHB Brennon Lund 0-0: Called Strike
0-1: Called Strike
0-2: Strikes out looking
Batting: RHB Lourdes Gurriel Jr. 0-0: Ball
1-0: Ball
2-0: Ball
3-0: Called Strike
3-1: Fly out, F7 (Flyball, 7LS)
Top of the 1st over - 0 runs, 0 hits, 0 errors, 0 left on base; Iowa 0 - Memphis 0
BOTTOM OF THE 1ST
Memphis Redbirds batting - Pitching for Iowa Cubs : RHP Brent Honeywell
Pitching: RHP Brent Honeywell
Batting: RHB Yu-Cheng Chang 0-0: Foul Ball, location: 2F
0-1: Called Strike
0-2: Ball
1-2: Strikes out swinging
Batting: RHB Luis Urias 0-0: Fly out, F8 (Line Drive, 8RD)
Batting: RHB Rangel Ravelo 0-0: Called Strike
0-1: Ball
1-1: Foul Ball, location: 2F
1-2: Ball
2-2: Ground out 5-3 (Groundball, 56S)
Bottom of the 1st over - 0 runs, 0 hits, 0 errors, 0 left on base; Iowa 0 - Memphis 0
TOP OF THE 2ND
Iowa Cubs batting - Pitching for Memphis Redbirds : RHP Mitch Keller
Batting: LHB Brandon Lowe 0-0: Fly out, F9 (Flyball, 9)
Batting: RHB Kyle Lewis 0-0: Fly out, F7 (Flyball, 78M)
Batting: SHB Anfernee Seymour 0-0: Ball
1-0: Swinging Strike
1-1: Ground out 5-3 (Groundball, 5)
Top of the 2nd over - 0 runs, 0 hits, 0 errors, 0 left on base; Iowa 0 - Memphis 0
BOTTOM OF THE 2ND
Memphis Redbirds batting - Pitching for Iowa Cubs : RHP Brent Honeywell
Batting: RHB Nick Senzel 0-0: Ball
1-0: Fly out, F8 (Line Drive, 8LD)
Batting: RHB Brendan Rodgers 0-0: Ball
1-0: Ball
2-0: Ball
3-0: Called Strike
3-1: Foul Ball, location: 2F
3-2: Base on Balls
Batting: LHB Austin Meadows 0-0: Grounds into double play, 4-6-3 (Groundball, 4M)
Bottom of the 2nd over - 0 runs, 0 hits, 0 errors, 0 left on base; Iowa 0 - Memphis 0
TOP OF THE 3RD
Iowa Cubs batting - Pitching for Memphis Redbirds : RHP Mitch Keller
Batting: RHB Mikey White 0-0: Ball
1-0: Called Strike
1-1: SINGLE (Groundball, 4MD)
Batting: LHB Greg Deichmann 0-0: Called Strike
0-1: Sac Bunt - play at first, batter OUT! 2-3
Mikey White to second
Batting: RHB Austin Rei 0-0: 2-RUN HOME RUN (Flyball, 9D), Distance : 387 ft
Batting: RHB Errol Robinson 0-0: SINGLE (Groundball, 56D)
Batting: LHB Brennon Lund 0-0: Swinging Strike
0-1: Ball
1-1: Grounds into double play, 4-6-3 (Groundball, 4)
Top of the 3rd over - 2 runs, 3 hits, 0 errors, 0 left on base; Iowa 2 - Memphis 0
BOTTOM OF THE 3RD
Memphis Redbirds batting - Pitching for Iowa Cubs : RHP Brent Honeywell
Batting: RHB Jose Adolis Garcia 0-0: Ball
1-0: Foul Ball, location: 2F
1-1: Ball
2-1: Foul Ball, location: 2F
2-2: Strikes out looking
Batting: LHB Juan Soto 0-0: Ball
1-0: Fly out, F9 (Flyball, 9)
Batting: RHB Yorman Rodriguez 0-0: Swinging Strike
0-1: Called Strike
0-2: Strikes out swinging
Bottom of the 3rd over - 0 runs, 0 hits, 0 errors, 0 left on base; Iowa 2 - Memphis 0
TOP OF THE 4TH
Iowa Cubs batting - Pitching for Memphis Redbirds : RHP Mitch Keller
Batting: RHB Lourdes Gurriel Jr. 0-0: Called Strike
0-1: Ball
1-1: Ball
2-1: Ball
3-1: Fly out, F8 (Flyball, 8LS)
Batting: LHB Brandon Lowe 0-0: Foul Ball, location: 2F
0-1: Ball
1-1: Fly out, F8 (Flyball, 89S)
Batting: RHB Kyle Lewis 0-0: Ground out 5-3 (Groundball, 5L)
Top of the 4th over - 0 runs, 0 hits, 0 errors, 0 left on base; Iowa 2 - Memphis 0
BOTTOM OF THE 4TH
Memphis Redbirds batting - Pitching for Iowa Cubs : RHP Brent Honeywell
Batting: RHB Yu-Cheng Chang 0-0: Called Strike
0-1: Fly out, F9 (Flyball, 9S)
Batting: RHB Luis Urias 0-0: Called Strike
0-1: Bunt for hit - play at first, batter OUT! 2-3
Batting: RHB Rangel Ravelo 0-0: Ground out 6-3 (Groundball, 6)
Bottom of the 4th over - 0 runs, 0 hits, 0 errors, 0 left on base; Iowa 2 - Memphis 0
TOP OF THE 5TH
Iowa Cubs batting - Pitching for Memphis Redbirds : RHP Mitch Keller
Batting: SHB Anfernee Seymour 0-0: Foul Ball, location: 2F
0-1: Bunt for hit - play at first, batter safe!
Batting: RHB Mikey White 0-0: Fly out, F4 (Popup, 4S)
Batting: LHB Greg Deichmann 0-0: Fielders Choice at 2nd, 6-4 (Groundball, 6)
Batting: RHB Austin Rei 0-0: Ball
1-0: Ball
2-0: Called Strike
Passed Ball!
Greg Deichmann to second
2-1: Foul Ball, location: 2F
2-2: Strikes out swinging
Top of the 5th over - 0 runs, 1 hit, 0 errors, 1 left on base; Iowa 2 - Memphis 0
BOTTOM OF THE 5TH
Memphis Redbirds batting - Pitching for Iowa Cubs : RHP Brent Honeywell
Batting: RHB Nick Senzel 0-0: Swinging Strike
0-1: Swinging Strike
0-2: Foul Ball, location: 2F
0-2: Ball
1-2: Ball
2-2: Strikes out looking
Batting: RHB Brendan Rodgers 0-0: Ball
1-0: Swinging Strike
1-1: Ball
2-1: Foul Ball, location: 2F
2-2: Strikes out swinging
Batting: LHB Austin Meadows 0-0: Ball
1-0: Called Strike
1-1: Called Strike
1-2: Foul Ball, location: 2F
1-2: Fly out, F6 (Popup, 6D)
Bottom of the 5th over - 0 runs, 0 hits, 0 errors, 0 left on base; Iowa 2 - Memphis 0
TOP OF THE 6TH
Iowa Cubs batting - Pitching for Memphis Redbirds : RHP Mitch Keller
Batting: RHB Errol Robinson 0-0: Ground out U3 (Groundball, 3)
Batting: LHB Brennon Lund 0-0: Called Strike
0-1: DOUBLE (Groundball, 3L)
Batting: RHB Lourdes Gurriel Jr. 0-0: Called Strike
0-1: Ball
1-1: Ball
2-1: Fly out, F8 (Line Drive, 8RD)
Batting: LHB Brandon Lowe 0-0: Ball
1-0: Ball
2-0: TRIPLE (Flyball, 89XD)
Brennon Lund scores
Batting: RHB Kyle Lewis 0-0: Ball
1-0: Ball
2-0: Called Strike
2-1: Swinging Strike
2-2: Strikes out swinging
Top of the 6th over - 1 run, 2 hits, 0 errors, 1 left on base; Iowa 3 - Memphis 0
BOTTOM OF THE 6TH
Memphis Redbirds batting - Pitching for Iowa Cubs : RHP Brent Honeywell
Batting: RHB Jose Adolis Garcia 0-0: Reached on error, E1 (Groundball, 13S)
Batting: LHB Juan Soto 0-0: Fly out, F4 (Line Drive, 4)
Batting: RHB Yorman Rodriguez 0-0: Ball
1-0: Swinging Strike
1-1: Called Strike
1-2: Ball
2-2: Ball
3-2: Strikes out looking
Batting: RHB Yu-Cheng Chang 0-0: Ball
Throwing error on steal attempt, E2
Jose Adolis Garcia to third
1-0: Foul Ball, location: 2F
1-1: Ball
2-1: Swinging Strike
2-2: Ground out 5-3 (Groundball, 56)
Bottom of the 6th over - 0 runs, 0 hits, 2 errors, 1 left on base; Iowa 3 - Memphis 0
TOP OF THE 7TH
Iowa Cubs batting - Pitching for Memphis Redbirds : RHP Mitch Keller
Batting: SHB Anfernee Seymour 0-0: Called Strike
0-1: Ball
1-1: Ball
2-1: Foul Ball, location: 2F
2-2: Strikes out looking
Batting: RHB Mikey White 0-0: Called Strike
0-1: Ball
1-1: Ball
2-1: Ball
3-1: Foul Ball, location: 2F
3-2: Ground out 5-3 (Groundball, 56S)
Batting: LHB Greg Deichmann 0-0: Called Strike
0-1: Ball
1-1: Ball
2-1: Foul Ball, location: 2F
2-2: Foul Ball, location: 2F
2-2: Strikes out swinging, 2-3 out at first.
Top of the 7th over - 0 runs, 0 hits, 0 errors, 0 left on base; Iowa 3 - Memphis 0
BOTTOM OF THE 7TH
Memphis Redbirds batting - Pitching for Iowa Cubs : RHP Brent Honeywell
Batting: RHB Luis Urias 0-0: Foul Ball, location: 2F
0-1: Ball
1-1: Ball
2-1: Ground out 1-3 (Groundball, 15S)
Batting: RHB Rangel Ravelo 0-0: Ball
1-0: Ball
2-0: Called Strike
2-1: Called Strike
2-2: Fly out, F7 (Line Drive, 7D)
Batting: RHB Nick Senzel 0-0: Called Strike
0-1: Ball
1-1: Called Strike
1-2: Foul Ball, location: 2F
1-2: Foul Ball, location: 2F
1-2: Strikes out looking
Bottom of the 7th over - 0 runs, 0 hits, 0 errors, 0 left on base; Iowa 3 - Memphis 0
TOP OF THE 8TH
Iowa Cubs batting - Pitching for Memphis Redbirds : RHP Mitch Keller
Batting: RHB Austin Rei 0-0: Foul Ball, location: 2F
0-1: Ball
1-1: Ball
2-1: Swinging Strike
2-2: Foul Ball, location: 2F
2-2: Ball
3-2: Strikes out swinging
Batting: RHB Errol Robinson 0-0: Ball
1-0: Foul Ball, location: 2F
1-1: Ground out 1-3 (Groundball, 34S)
Batting: LHB Brennon Lund 0-0: Ball
1-0: Foul Ball, location: 2F
1-1: Called Strike
1-2: Strikes out swinging
Top of the 8th over - 0 runs, 0 hits, 0 errors, 0 left on base; Iowa 3 - Memphis 0
BOTTOM OF THE 8TH
Memphis Redbirds batting - Pitching for Iowa Cubs : RHP Brent Honeywell
Batting: RHB Brendan Rodgers 0-0: Ball
1-0: Called Strike
1-1: Swinging Strike
1-2: Strikes out swinging
Batting: LHB Austin Meadows 0-0: Called Strike
0-1: Foul Ball, location: 2F
0-2: Ball
1-2: Ball
2-2: Ground out 1-3 (Groundball, 34S)
Batting: RHB Jose Adolis Garcia 0-0: Fly out, F7 (Flyball, 7S)
Bottom of the 8th over - 0 runs, 0 hits, 0 errors, 0 left on base; Iowa 3 - Memphis 0
TOP OF THE 9TH
Iowa Cubs batting - Pitching for Memphis Redbirds : RHP Mitch Keller
Batting: RHB Lourdes Gurriel Jr. 0-0: Fly out, F8 (Flyball, 8LM)
Batting: LHB Brandon Lowe 0-0: SINGLE (Groundball, 4D)
Batting: RHB Kyle Lewis 0-0: Ball
1-0: Grounds into double play, 5-4-3 (Groundball, 56D)
Top of the 9th over - 0 runs, 1 hit, 0 errors, 0 left on base; Iowa 3 - Memphis 0
BOTTOM OF THE 9TH
Memphis Redbirds batting - Pitching for Iowa Cubs : RHP Brent Honeywell
Batting: LHB Juan Soto 0-0: Ball
1-0: Ball
2-0: Foul Ball, location: 2F
2-1: Called Strike
2-2: Strikes out swinging
Batting: RHB Yorman Rodriguez 0-0: Ball
1-0: Foul Ball, location: 2F
1-1: Ball
2-1: Ground out 5-3 (Groundball, 56S)
Batting: RHB Yu-Cheng Chang 0-0: Called Strike
0-1: Ball
1-1: Ball
2-1: Foul Ball, location: 2F
2-2: Foul Ball, location: 2F
2-2: Fly out, F8 (Line Drive, 8RM)
Bottom of the 9th over - 0 runs, 0 hits, 0 errors, 0 left on base; Iowa 3 - Memphis 0
Wednesday, June 20th, 2018 - OOTP Baseball 19.6 Build 53